AoeStats
← Dani

Oasis

510107315Analyzed
2v2 RM · 2d ago on Sep 29, 2026· 38m 56s· 4 players
Game mode
Random Map
Map size
Medium (4 player)
Population
200
Speed
Normal
Resources
Standard
Victory
Conquest
Starting age
Dark Age
Ending age
Imperial Age
RankedLock teamsTeams togetherTeam positionsShared explorationLock speedFull tech treeHidden civsTurbo modeCheats
Victory
Defeat
🇩🇪 Italians · Germany
1479
+11
🇩🇪 Persians · Germany
1460
+13
🇹🇼 Varangians · Taiwan
1381
-12
🇹🇷 Gurjaras · Türkiye
1370
-12
scorpion_
13:28 Feudal Age
11:46 Loom
13:46 Man-at-Arms
21:43 Castle Age
20:30 Fletching
21:18 Horse Collar
21:58 Bloodlines
25:01 Double-Bit Axe
28:33 Wheelbarrow
28:10 Bow Saw
29:09 Scale Barding Armor
4Reform
8:51 Loom
10:38 Feudal Age
15:25 Castle Age
16:06 Double-Bit Axe
21:49 Scale Barding Armor
33:57 Imperial Age
31:55 Gold Mining
32:50 Bow Saw
32:34 Horse Collar
34:36 Fletching
35:21 Bodkin Arrow
36:07 Masonry
39:47 Chemistry
Dani
9:17 Feudal Age
7:33 Loom
13:51 Gold Mining
18:00 Double-Bit Axe
18:40 Horse Collar
23:45 Castle Age
23:44 Wheelbarrow
23:36 Scale Barding Armor
23:41 Forging
23:45 Bloodlines
24:15 Husbandry
28:20 Iron Casting
33:08 Chain Barding Armor
41:23 Imperial Age
jan
9:01 Feudal Age
10:17 Double-Bit Axe
12:02 Fletching
15:17 Loom
21:23 Castle Age
20:39 Padded Archer Armor
20:51 Gold Mining
21:20 Horse Collar
21:29 Crossbowman
22:05 Bodkin Arrow
22:22 Bow Saw
24:40 Wheelbarrow
27:07 Stone Mining
27:33 Heavy Plow
29:24 Ballistics
34:02 Imperial Age
32:04 Leather Archer Armor
34:03 Thumb Ring
34:36 Stone Shaft Mining
34:25 Hand Cart
33:55 Town Watch
36:26 Chemistry
35:52 Arbalester
Connection lost

Rejoining the realm…

Still unreachable

The connection could not be restored.

Session expired

The server has moved on; the page needs a fresh start.